AoeStats
← ektum_inside

Nomad

510300731Analyzed
4v4 RM · 8h ago on Sep 30, 2026· 38m 31s· 8 players
Game mode
Random Map
Map size
231×231
Population
200
Speed
Normal
Resources
Standard
Victory
Conquest
Starting age
Dark Age
Ending age
Imperial Age
RankedLock teamsTeams togetherTeam positionsShared explorationLock speedFull tech treeHidden civsTurbo modeCheats
Victory
Defeat
🇨🇳 Huns · China
1033
+15
🇮🇳 Spanish · India
1031
+15
🇨🇳 Malay · China
940
+19
🇨🇳 Wu · China
925
+19
🇹🇼 Celts · Taiwan
1037
-18
🇨🇳 Vikings · China
1015
-17
🇫🇷 Teutons · France
1006
-17
🇨🇳 Persians · China
988
-16
hsuan1202
3:30 Loom
13:27 Feudal Age
22:47 Castle Age
22:56 Wheelbarrow
22:06 Town Watch
22:03 Horse Collar
22:09 Double-Bit Axe
22:16 Stone Mining
22:33 Gold Mining
27:37 Elite Skirmisher
30:45 Fletching
33:24 Bodkin Arrow
38:13 Hand Cart
37:58 Town Patrol
党卫军
7:14 Loom
14:33 Feudal Age
15:18 Horse Collar
24:41 Castle Age
alexggg56
4:02 Loom
14:34 Feudal Age
20:20 Castle Age
19:30 Fletching
20:03 Stone Mining
21:08 Double-Bit Axe
21:07 Horse Collar
21:49 Bodkin Arrow
22:46 Masonry
24:13 Stone Shaft Mining
25:33 Ballistics
26:15 Pikeman
27:31 Scale Mail Armor
30:59 Wheelbarrow
31:01 Heavy Plow
32:01 Chain Mail Armor
32:41 Forging
32:34 Squires
35:03 Iron Casting
34:52 Arson
35:24 Gold Mining
shuai81_1027
4:19 Loom
14:33 Feudal Age
20:27 Castle Age
19:49 Double-Bit Axe
19:47 Horse Collar
21:16 Bow Saw
23:11 Husbandry
23:23 Bloodlines
23:36 Pikeman
24:42 Gambesons
27:55 Wheelbarrow
28:13 Heavy Plow
29:28 Squires
29:42 Scale Mail Armor
30:27 Elite Skirmisher
31:41 Fletching
31:52 Padded Archer Armor
36:50 Imperial Age
35:02 Leather Archer Armor
36:29 Bodkin Arrow
36:44 Forging
36:43 Scale Barding Armor
37:32 Conscription
38:29 Ring Archer Armor
38:05 Scale Barding Armor
38:16 Chain Mail Armor
38:39 Iron Casting
就墨子
4:06 Loom
12:59 Feudal Age
16:30 Forging
17:38 Bloodlines
23:48 Castle Age
22:34 Fishing Lines
27:48 Husbandry
31:19 Scale Barding Armor
35:16 Horse Collar
37:35 Chain Barding Armor
37:51 Iron Casting
kongjuck
16:42 Feudal Age
18:07 Fishing Lines
19:38 Double-Bit Axe
24:09 Stone Mining
24:29 Gold Mining
27:47 Wheelbarrow
29:14 Castle Age
28:32 Horse Collar
32:32 Bow Saw
33:01 Padded Archer Armor
32:52 Fletching
33:28 Red Cliffs Tactics
34:11 Treadmill Crane
36:08 Leather Archer Armor
35:48 Bodkin Arrow
40:44 Imperial Age
38:32 Hand Cart
szsigy
4:58 Loom
15:15 Feudal Age
23:30 Castle Age
28:05 Husbandry
32:53 Man-at-Arms
33:44 Fletching
35:43 Bodkin Arrow
37:36 Gold Mining
ektum_inside
3:39 Loom
12:42 Feudal Age
13:34 Town Watch
13:55 Fishing Lines
22:21 Castle Age
20:20 Stone Mining
20:26 Horse Collar
20:39 Gold Mining
22:11 Bloodlines
24:22 Fletching
24:33 Padded Archer Armor
24:39 Husbandry
24:55 Gillnets
27:21 Double-Bit Axe
32:54 Imperial Age
31:01 Wheelbarrow
30:50 Leather Archer Armor
30:31 Bodkin Arrow
31:24 Heavy Plow
32:01 Stone Shaft Mining
34:05 Elite Conquistador
35:00 Light Cavalry
35:50 Scale Barding Armor
35:57 Forging
37:06 Conscription
37:19 Bow Saw
Connection lost

Rejoining the realm…

Still unreachable

The connection could not be restored.

Session expired

The server has moved on; the page needs a fresh start.